 Dungeon Crawl Stone Soup version 0.31-a0-232-gb1c03b2570 (webtiles) character file.

Game seed: 17536327663740943220

179 qw the Shooter (level 5, -2/45 HPs)
             Began as a Minotaur Hexslinger on July 6, 2023.
             Slain by an orc wizard
             ... wielding a +0 dagger
              (3 damage)
             ... on level 4 of the Dungeon.
             The game lasted 00:00:56 (2089 turns).

qw the Shooter (Minotaur Hexslinger)                Turns: 2089, Time: 00:00:56

Health: -2/45      AC:  6    Str: 12    XL:     5   Next: 33%
Magic:  5/5        EV: 11    Int: 10    God:
Gold:   165        SH:  0    Dex: 15    Spells: 5/6 levels left

rFire   + . .        Y - +2 sling
rCold   . . .        (no shield)
rNeg    . . .        h - +0 ring mail
rPois   .            (helmet restricted)
rElec   .            (no cloak)
rCorr   .            (no gloves)
SInv    .            g - +0 pair of boots
Will    .....        (no amulet)
Stlth   +            d - ring of protection from fire
HPRegen 0.27/turn    (no ring)
MPRegen 0.09/turn

%: no passive effects
@: no status effects
A: horns 2, retaliatory headbutt
a: no special abilities


You were on level 4 of the Dungeon.
You visited 1 branch of the dungeon, and saw 4 of its levels.

You collected 165 gold pieces.


Innate Abilities, Weirdness & Mutations

You have a pair of horns on your head.
You reflexively headbutt those who attack you in melee.


   Skills:
 - Level 3.0 Fighting
 + Level 5.4 Ranged Weapons
 - Level 1.0 Armour
 - Level 2.1 Dodging
 - Level 1.0 Spellcasting
 - Level 2.0 Hexes


You had 5 spell levels left.
You knew the following spells:

 Your Spells              Type           Power      Damage    Failure   Level
a - Slow                  Hex            16%        N/A       34%         1

Your spell library contained the following spells:

 Spells                   Type           Power      Damage    Failure   Level
 Inner Flame              Hex/Fire       2%         N/A       83%         3
 Portal Projectile        Hex/Tloc       4%         N/A       83%         3
 Cause Fear               Hex            2%         N/A       98%         4

Inventory:

Hand Weapons
 Y - a +2 sling (weapon)
Armour
 g - a +0 pair of boots (worn)
 h - a +0 ring mail (worn)
Jewellery
 d - a ring of protection from fire (left hand)
Scrolls
 a - a scroll of identify
Potions
 b - a potion of haste {unknown}
 c - a potion of degeneration {unknown}
 e - a potion of curing {unknown}
 f - a potion of mutation {unknown}

Dungeon Overview and Level Annotations

Branches:
Dungeon (4/15)
 Temple: D:4-7

Altars:
Makhleb


Message History

The orc wizard barely misses you. The orc wizard casts a spell at you.
You are confused.
The orc wizard hits you but does no damage.
The orc wizard misses you.
The orc wizard hits you with a +0 dagger.
The orc wizard gestures at you while chanting.
The magic dart hits you. The orc wizard closely misses you.
The orc wizard hits you but does no damage.
The orc wizard casts a spell at you. The magic dart hits you.
The orc wizard casts a spell.
The orc wizard flickers and vanishes!
Deactivating autopickup; reactivate with Ctrl-A.
You feel less confused. The orc wizard barely misses you.
Something hits you but does no damage.
You shoot a sling bullet. The sling bullet hits the orc wizard.
The orc wizard is lightly wounded.
The orc wizard points at you and mumbles some strange words.
You resist with some effort.
You hear some strange, mumbled words.
Something tries to affect you, but you resist.
You shoot a sling bullet.
The sling bullet closely misses the orc wizard.
The orc wizard closely misses you. You furiously retaliate!
You headbutt the orc wizard. Something hits you but does no damage.
You shoot a sling bullet. The sling bullet hits the orc wizard.
The orc wizard is severely wounded.
The orc wizard hits you but does no damage.
Something hits you but does no damage.
You shoot a sling bullet. The sling bullet hits the orc wizard!
You kill the orc wizard!
Something hits you but does no damage. Something hits you.
You shoot a sling bullet.
You hear some strange, mumbled words.
Something tries to affect you, but you resist.
You shoot a sling bullet. Something hits you.
You die...

# .. ... ....
.....#########
......))@..<.#.#
....##){....... .
#.........
#.........
########..>......
.............####
########.....#
#.....# #.....#


There were no monsters in sight!

Vanquished Creatures
  A jelly (D:4)
  An orc wizard (D:4)
  4 adders
  3 worms
  3 dart slugs
  7 orcs
  9 ball pythons
  4 bats
  5 endoplasms
  3 giant cockroaches
  4 goblins (D:1)
  3 hobgoblins
  7 jackals
  5 quokkas
  2 frilled lizards
  4 kobolds
  2 rats
67 creatures vanquished.

Notes
Turn   | Place    | Note
-------+----------+-------------------------------------------
     0 | D:1      | qw the Minotaur Hexslinger began the quest for the Orb.
     0 | D:1      | Reached XP level 1. HP: 16/16 MP: 1/1
     0 | D:1      | 0 ||| qw: Version: 0.3-a-46-gb1f654a
     0 | D:1      | 0 ||| qw: Game counter: 2081
     0 | D:1      | 0 ||| qw: Melee chars always use a shield: true
     0 | D:1      | 0 ||| qw: God list: Okawaru
     0 | D:1      | 0 ||| qw: Allow faded altars: false
     0 | D:1      | 0 ||| qw: Do Orc after clearing Dungeon:15 true
     0 | D:1      | 0 ||| qw: Do second Lair branch before Depths: true
     0 | D:1      | 0 ||| qw: Lair rune preference: random
     0 | D:1      | 0 ||| qw: Goals: Normal
     0 | D:1      | 0 ||| PLANNING D:1-11
    48 | D:1      | 48 ||| FLEEEEING.
   117 | D:1      | Reached skill level 3 in Ranged Weapons
   117 | D:1      | Reached XP level 2. HP: 23/23 MP: 2/2
   449 | D:1      | Found a faded altar of an unknown god.
   507 | D:1      | Reached XP level 3. HP: 29/29 MP: 3/3
   668 | D:1      | 668 ||| UPGRADING to +0 pair of boots.
   673 | D:1      | 673 ||| UPGRADING to +0 ring mail.
   683 | D:1      | 683 ||| DROPPING +0 robe.
   684 | D:1      | 684 ||| READING 2 scrolls labelled XYUCVE PU MUE.
   685 | D:1      | 685 ||| READING scroll labelled QICRYE GYUQURE.
   686 | D:1      | 686 ||| READING scroll labelled USEENE SOGGYMN.
   687 | D:1      | 687 ||| READING scroll labelled SAMYPP JAMASIO.
   688 | D:1      | 688 ||| DROPPING scroll of poison.
   727 | D:2      | 727 ||| STAIRDANCE
   854 | D:2      | Reached skill level 4 in Ranged Weapons
   960 | D:2      | Reached skill level 1 in Armour
  1200 | D:2      | Found the +8 Wrath of Trog {antimagic, *Rage Rampage}
  1210 | D:2      | Reached XP level 4. HP: 19/36 MP: 4/4
  1314 | D:2      | 1314 ||| DROPPING scarf of shadows.
  1315 | D:2      | 1315 ||| READING scroll labelled PINGOGGEMA.
  1316 | D:2      | 1316 ||| READING 2 scrolls of identify.
  1316 | D:2      | 1316 ||| IDENTIFYING coppery potion
  1339 | D:3      | 1339 ||| STAIRDANCE
  1422 | D:3      | Found a burning altar of Makhleb.
  1900 | D:3      | 1900 ||| UPGRADING to ring of protection from fire.
  1901 | D:3      | 1901 ||| READING scroll labelled NUR ACSEOLIBARCH.
  1998 | D:4      | Reached skill level 5 in Ranged Weapons
  2066 | D:4      | Reached skill level 3 in Fighting
  2066 | D:4      | Reached XP level 5. HP: 34/45 MP: 5/5
  2066 | D:4      | 2066 ||| FLEEEEING.
  2072 | D:4      | HP: 9/45 [orc wizard/+0 dagger (3)]
  2073 | D:4      | 2073 ||| DRINKING potion of heal wounds.
  2077 | D:4      | HP: 11/45 [orc wizard/+0 dagger (1)]
  2082 | D:4      | HP: 2/45 [orc wizard/magic dart (4)]
  2087 | D:4      | HP: 1/45 [something (3)]
  2089 | D:4      | Slain by an orc wizard

Levels and vault maps discovered:
D:1:      mrwooster_arrival_statue, layout_loops_ring,
          hellmonk_ecumenical_altar_crossroads
D:2:      minmay_evil_eye, layout_rooms
D:3:      layout_rooms, mainiacjoe_overflow_alcove_1, palyth_stone_intersect,
          minivault_27, roderic_roman_lattice
D:4:      minmay_diamond_boxcup, layout_rooms, minitemple,
          minmay_temple_entry_gardened_gates, minmay_joined_circles

Skill      XL: |  1  2  3  4 |
---------------+-------------+-----
Ranged Weapons | 3 4 5 |  5.4
Fighting       | 2 3 |  3.0
Armour         | 1 |  1.0
Dodging        | |  2.1
Spellcasting   | |  1.0
Hexes          | |  2.0

Action                     |  1- 3 |  4- 6 || total
---------------------------+-------+-------++-------
   Fire: Sling             |   108 |    95 ||   203
    Use: Scroll            |     4 |     3 ||     7
         Potion            |       |     1 ||     1
 Armour: Robe              |     3 |       ||     3
         Ring mail         |    12 |    35 ||    47
  Dodge: Dodged            |    31 |    46 ||    77

Table legend:
 A = Non-vault XP
 B = Vault XP
 C = Vault XP percentage of total XP
 D = Non-vault monster count
 E = Vault monster count
 F = Vault count percentage of total count
                 A         B        C        D         E       F
            +---------+---------+-------+---------+---------+-------
      Total |     244 |      13 |   5.1 |      63 |       4 |   6.0
            +---------+---------+-------+---------+---------+-------
        D:1 |      53 |       0 |   0.0 |      27 |       0 |   0.0
        D:2 |      52 |      13 |  20.0 |      14 |       4 |  22.2
        D:3 |      26 |       0 |   0.0 |      13 |       0 |   0.0
        D:4 |     113 |       0 |   0.0 |       9 |       0 |   0.0
            +---------+---------+-------+---------+---------+-------
